 Dungeon Crawl Stone Soup version 0.31-a0-237-g2d982f9f85 (webtiles) character file.

Game seed: 6761291316150203090

159 qw the Shooter (level 5, -2/45 HPs)
             Began as a Minotaur Hexslinger on July 10, 2023.
             Slain by an ogre
             ... wielding a +0 giant club
              (6 damage)
             ... on level 6 of the Dungeon.
             The game lasted 00:00:57 (2420 turns).

qw the Shooter (Minotaur Hexslinger)                Turns: 2420, Time: 00:00:58

Health: -2/45      AC:  8    Str: 13    XL:     5   Next: 17%
Magic:  5/5        EV: 11    Int: 10    God:
Gold:   146        SH:  0    Dex: 14    Spells: 5/6 levels left

rFire   . . .        Y - +1 sling
rCold   . . .        (no shield)
rNeg    . . .        a - +0 ring mail
rPois   .            (helmet restricted)
rElec   .            (no cloak)
rCorr   .            j - +2 pair of gloves
SInv    .            (no boots)
Will    .....        (no amulet)
Stlth   +            (no ring)
HPRegen 0.27/turn    (no ring)
MPRegen 0.09/turn

%: no passive effects
@: no status effects
A: horns 2, retaliatory headbutt
a: no special abilities


You were on level 6 of the Dungeon.
You visited 1 branch of the dungeon, and saw 4 of its levels.

You collected 146 gold pieces.


Innate Abilities, Weirdness & Mutations

You have a pair of horns on your head.
You reflexively headbutt those who attack you in melee.


   Skills:
 - Level 3.1 Fighting
 + Level 5.1 Ranged Weapons
 - Level 1.0 Armour
 - Level 2.1 Dodging
 - Level 1.0 Spellcasting
 - Level 2.0 Hexes


You had 5 spell levels left.
You knew the following spells:

 Your Spells              Type           Power      Damage    Failure   Level
a - Slow                  Hex            16%        N/A       32%         1

Your spell library contained the following spells:

 Spells                   Type           Power      Damage    Failure   Level
 Inner Flame              Hex/Fire       2%         N/A       82%         3
 Portal Projectile        Hex/Tloc       4%         N/A       82%         3
 Cause Fear               Hex            2%         N/A       97%         4

Inventory:

Hand Weapons
 Y - a +1 sling (weapon)
Armour
 a - a +0 ring mail (worn)
 j - a +2 pair of gloves (worn)
Jewellery
 b - a ring of ice
 e - a ring of fire
Scrolls
 c - a scroll of enchant armour
 f - 4 scrolls of identify
Potions
 h - a potion of haste
 i - a potion of curing

Dungeon Overview and Level Annotations

Branches:
Dungeon (3/15)

Altars:
Dithmenos

Shops:
D:2 (:


Message History

The howler monkey barely misses you. You furiously retaliate!
You headbutt the howler monkey.
The howler monkey hoots and howls with incredible vigour!
You hear a shout! x3; You hear an angry growl.
You hear a shout! x2
You shoot a sling bullet.
The sling bullet barely misses the howler monkey.
The sling bullet hits the ice beast.
The ice beast is lightly wounded.
The howler monkey closely misses you.
You shoot a sling bullet.
The sling bullet closely misses the howler monkey.
The sling bullet hits the ice beast.
The ice beast is moderately wounded.
The howler monkey misses you. The ogre hits you with a +0 giant club!
The howler monkey barely misses you.
You shoot a sling bullet.
The sling bullet hits the howler monkey.
The howler monkey is severely wounded.
The howler monkey hits you but does no damage.
The ogre hits you with a +0 giant club!!
Ouch! That really hurt!
You shoot a sling bullet.
The sling bullet hits the howler monkey.
The howler monkey is severely wounded.
A hound comes into view.
The howler monkey hits you.
You shoot a sling bullet.
The sling bullet barely misses the howler monkey.
The sling bullet hits the ice beast.
The ice beast is moderately wounded.
The howler monkey hoots and howls with incredible vigour!
The ogre barely misses you. You furiously retaliate!
You headbutt the ogre. The howler monkey hits you.
You hear a shout! x4
You shoot a sling bullet.
The sling bullet barely misses the howler monkey.
The sling bullet closely misses the ice beast.
The howler monkey hits you but does no damage.
The ogre hits you with a +0 giant club.
You die...

#........... #.......... .
.. .##......... . ...
.........>(.... # ...<
.......... ...
###.......#..h.#Yl ..7
.......#..# #.Oh## .. 7.
............##..@.##.7 ...
.......#..#....##..#.77...7
.............# ##......_..
###..#.......######..77...
###).....#...........7....
...).#...##.....#......7
###%........##..#.....77
#.#.....................
#.##.#..#...............


You could see an ice beast, an ogre, a howler monkey, an iguana and a hound.

Vanquished Creatures
  An orc priest (D:6)
  A hound (D:6)
  3 adders (D:2)
  3 worms
  2 dart slugs
  4 orcs
  4 ball pythons
  6 endoplasms (D:2)
  3 giant cockroaches (D:2)
  3 goblins (D:2)
  7 hobgoblins
  2 jackals (D:1)
  3 quokkas
  A bat (D:2)
  4 frilled lizards
  3 kobolds
  4 rats
54 creatures vanquished.

Notes
Turn   | Place    | Note
-------+----------+-------------------------------------------
     0 | D:1      | qw the Minotaur Hexslinger began the quest for the Orb.
     0 | D:1      | Reached XP level 1. HP: 16/16 MP: 1/1
     0 | D:1      | 0 ||| qw: Version: 0.3-a-52-g30416fa
     0 | D:1      | 0 ||| qw: Game counter: 5075
     0 | D:1      | 0 ||| qw: Melee chars always use a shield: true
     0 | D:1      | 0 ||| qw: God list: Okawaru
     0 | D:1      | 0 ||| qw: Allow faded altars: false
     0 | D:1      | 0 ||| qw: Do Orc after clearing Dungeon:15 true
     0 | D:1      | 0 ||| qw: Do second Lair branch before Depths: true
     0 | D:1      | 0 ||| qw: Lair rune preference: random
     0 | D:1      | 0 ||| qw: Goals: Normal
     0 | D:1      | 0 ||| PLANNING D:1-11
   593 | D:1      | Reached skill level 3 in Ranged Weapons
   593 | D:1      | Reached XP level 2. HP: 17/23 MP: 2/2
   728 | D:1      | Found a faded altar of an unknown god.
  1180 | D:1      | 1180 ||| UPGRADING to +0 pair of gloves.
  1185 | D:1      | 1185 ||| READING scroll labelled YWITAO JAPUAB.
  1190 | D:1      | 1190 ||| READING scroll labelled OBBIGO DORAOVIA.
  1191 | D:1      | 1191 ||| READING 3 scrolls labelled UXILAX OJIRGH.
  1192 | D:1      | 1192 ||| READING scroll labelled ZIREIP ATUHA.
  1193 | D:1      | 1193 ||| READING scroll labelled NUCKOT GUCZOA.
  1194 | D:1      | 1194 ||| READING scroll labelled KYKEAPSUOKK.
  1195 | D:1      | 1195 ||| DROPPING scroll of poison.
  1206 | D:2      | Found Zeelihuo's Book Shoppe.
  1275 | D:2      | Found Detiet's Weapon Shop.
  1428 | D:2      | Reached XP level 3. HP: 22/30 MP: 3/3
  1507 | D:2      | Reached skill level 4 in Ranged Weapons
  1746 | D:2      | 1746 ||| FLEEEEING.
  1747 | D:2      | 1747 ||| FLEEEEING.
  1748 | D:2      | 1748 ||| FLEEEEING.
  1749 | D:2      | 1749 ||| FLEEEEING.
  1750 | D:2      | 1750 ||| FLEEEEING.
  1751 | D:2      | 1751 ||| FLEEEEING.
  1753 | D:2      | Reached XP level 4. HP: 30/37 MP: 4/4
  1753 | D:2      | 1753 ||| FLEEEEING.
  1754 | D:2      | 1754 ||| FLEEEEING.
  1755 | D:2      | 1755 ||| FLEEEEING.
  1756 | D:2      | 1756 ||| STAIRDANCE
  1780 | D:1      | 1780 ||| UPGRADING to +0 ring mail.
  1790 | D:1      | 1790 ||| DROPPING +0 robe.
  1791 | D:1      | 1791 ||| READING scroll labelled WUKORUDW TIOC.
  1792 | D:1      | 1792 ||| READING 5 scrolls of identify.
  1792 | D:1      | 1792 ||| IDENTIFYING sedimented green potion
  1793 | D:1      | 1793 ||| READING 4 scrolls of identify.
  1793 | D:1      | 1793 ||| IDENTIFYING orange potion
  1794 | D:1      | 1794 ||| READING 3 scrolls of identify.
  1794 | D:1      | 1794 ||| IDENTIFYING fizzy brown potion
  1795 | D:1      | 1795 ||| READING 2 scrolls of identify.
  1795 | D:1      | 1795 ||| IDENTIFYING pink potion
  1796 | D:1      | 1796 ||| DROPPING potion of lignification.
  1860 | D:2      | Reached skill level 1 in Armour
  2091 | D:3      | 2091 ||| READING scroll of enchant armour.
  2091 | D:3      | 2091 ||| ENCHANTING +0 pair of gloves.
  2156 | D:3      | 2156 ||| READING 2 scrolls of enchant armour.
  2156 | D:3      | 2156 ||| ENCHANTING +1 pair of gloves.
  2311 | D:3      | Identified the +0 dagger of Hoaf {holy, rC+}
  2340 | D:3      | You fall into a shaft and drop 3 floors!
  2362 | D:6      | HP: 9/37 [hound (2)]
  2363 | D:6      | 2363 ||| DRINKING potion of heal wounds.
  2366 | D:6      | Reached skill level 5 in Ranged Weapons
  2372 | D:6      | Reached skill level 3 in Fighting
  2372 | D:6      | Reached XP level 5. HP: 44/45 MP: 5/5
  2405 | D:6      | Found a shadowy altar of Dithmenos.
  2411 | D:6      | Noticed an ogre
  2412 | D:6      | Noticed an ice beast
  2417 | D:6      | HP: 5/45 [ogre/+0 giant club (27)]
  2420 | D:6      | Slain by an ogre

Levels and vault maps discovered:
D:1:      roderic_dead_forest, layout_basic, dreamdust_ecumenical_altar_grove,
          serial_co_window_serial, co_window_corner_a, co_window_corner_a,
          co_window_paths_b, co_window_of_opportunity_a, co_window_paths_a,
          co_window_paths_b, co_window_cross_1, co_window_corner_a,
          co_window_corner_a, co_window_corner_b, co_window_broadway_a,
          co_window_paths_c, co_window_paths_c, co_window_2corner,
          glass_columns_b, glass_columns_b, glass_columns_c, glass_columns_c,
          minmay_misc_feat_square
D:2:      layout_rooms, serial_shops, nicolae_shop_trees, nicolae_shop_stone,
          st_stairs_10, minmay_joined_circles
D:3:      layout_loops_ring, ebering_dispersal_statue_hall
D:6:      layout_rooms, mainiacjoe_overflow_small_starburst,
          minmay_divided_ellipse

Skill      XL: |  1  2  3  4 |
---------------+-------------+-----
Ranged Weapons | 3 4 5 |  5.1
Fighting       | 2 3 |  3.1
Armour         | 1 |  1.0
Dodging        | |  2.1
Spellcasting   | |  1.0
Hexes          | |  2.0

Action                     |  1- 3 |  4- 6 || total
---------------------------+-------+-------++-------
   Fire: Sling             |   121 |    94 ||   215
    Use: Scroll            |     6 |     7 ||    13
         Potion            |       |     1 ||     1
 Armour: Robe              |    12 |       ||    12
         Ring mail         |       |    32 ||    32
  Dodge: Dodged            |    57 |    38 ||    95

Table legend:
 A = Non-vault XP
 B = Vault XP
 C = Vault XP percentage of total XP
 D = Non-vault monster count
 E = Vault monster count
 F = Vault count percentage of total count
                 A         B        C        D         E       F
            +---------+---------+-------+---------+---------+-------
      Total |     177 |      51 |  22.4 |      41 |      13 |  24.1
            +---------+---------+-------+---------+---------+-------
        D:1 |      14 |       0 |   0.0 |       9 |       0 |   0.0
        D:2 |      47 |      51 |  52.0 |      18 |      13 |  41.9
        D:3 |      20 |       0 |   0.0 |       9 |       0 |   0.0
        D:6 |      96 |       0 |   0.0 |       5 |       0 |   0.0
            +---------+---------+-------+---------+---------+-------
